 Dungeon Crawl Stone Soup version 0.22.1-1-ga44c0e56f4 (webtiles) character file.

91 PikkenKukken the Grasshopper (level 4, -2/38 HPs)
             Began as a Gnoll Warper on Oct 3, 2018.
             Slain by Natasha (9 damage)
             ... on level 2 of the Dungeon.
             The game lasted 00:04:23 (1725 turns).

PikkenKukken the Grasshopper (Gnoll Warper)         Turns: 1725, Time: 00:04:23

Health: -2/38      AC:  3    Str: 13    XL:     4   Next: 59%
Magic:  11/11      EV: 14    Int: 16    God:
Gold:   68         SH:  0    Dex: 15    Spells: 6/13 levels left

rFire    x . .     SeeInvis .     - Unarmed
rCold    + . .     Gourm    .   (no shield)
rNeg     . . .     Faith    .   b - +0 leather armour
rPois    .         Spirit   .   (no helmet)
rElec    .         Reflect  .   (no cloak)
rCorr    .         Harm     .   (no gloves)
MR       .....                  (no boots)
Stlth    ++........             (no amulet)
HPRegen  0.12/turn              k - ring of ice
MPRegen  0.12/turn              (no ring)

@: slowed, very slow
A: distributed training, fangs 1, strong nose
a: no special abilities


You were on level 2 of the Dungeon.
You were not hungry.

You visited 1 branch of the dungeon, and saw 2 of its levels.

You collected 68 gold pieces.

Inventory:

Hand Weapons
 a - a +0 spear
Missiles
 c - 59 stones
 e - 5 tomahawks of dispersal (quivered)
 m - 10 sling bullets
Armour
 b - a +0 leather armour (worn)
Jewellery
 k - a ring of ice (left hand)
Scrolls
 d - a scroll of blinking
 l - 3 scrolls of identify
Potions
 g - a potion of haste
 i - a potion of curing {unknown}
Comestibles
 f - 3 rations
 h - a chunk of flesh


   Skills:
 + Level 4.6 Fighting
 + Level 1.1 Short Blades
 + Level 1.1 Long Blades
 + Level 1.1 Axes
 + Level 1.1 Maces & Flails
 + Level 4.6 Polearms
 + Level 1.1 Staves
 + Level 1.1 Slings
 + Level 1.1 Bows
 + Level 1.1 Crossbows
 + Level 2.7 Throwing
 + Level 2.7 Armour
 + Level 4.6 Dodging
 + Level 1.1 Stealth
 + Level 1.1 Shields
 + Level 1.1 Unarmed Combat
 + Level 5.1 Spellcasting
 + Level 0.9 Conjurations
 + Level 0.9 Hexes
 + Level 0.9 Charms
 + Level 0.9 Summonings
 + Level 0.9 Necromancy
 + Level 5.4 Translocations
 + Level 0.9 Transmutations
 + Level 0.9 Fire Magic
 + Level 0.9 Ice Magic
 + Level 0.9 Air Magic
 + Level 0.9 Earth Magic
 + Level 0.9 Poison Magic
 + Level 1.2 Invocations
 + Level 1.1 Evocations


You had 6 spell levels left.
You knew the following spells:

 Your Spells              Type           Power        Failure   Level  Hunger
a - Blink                 Tloc           N/A          3%          2    #......
b - Teleport Other        Tloc           ###.....     6%          3    ###....
c - Shroud of Golubria    Chrm/Tloc      ##........   8%          2    #......

Your spell library contained the following spells:

 Spells                   Type           Power        Failure   Level  Hunger
 Gell's Gravitas          Tloc           ###.......   6%          3    ###....
 Lesser Beckoning         Tloc           ###.......   6%          3    ###....
 Passage of Golubria      Tloc           N/A          21%         4    ####...


Dungeon Overview and Level Annotations

Branches:
Dungeon (2/15)

Altars:

Annotations:
D:2 Natasha


Innate Abilities, Weirdness & Mutations

Your experience applies equally to all skills.
You have very sharp teeth.
Your uncanny sense of smell can sniff out nearby items.


Message History

Natasha barely misses you.
Unknown command.
You barely miss Natasha.
Natasha is lightly wounded.
The shadow imp hits you but does no damage.
Natasha casts a spell at you. You resist with some effort.
The shadow imp barely misses you. Natasha barely misses you. Natasha claws you.
* * * LOW HITPOINT WARNING * * *
You closely miss Natasha.
Natasha is lightly wounded.
Natasha claws you.
* * * LOW HITPOINT WARNING * * *
Natasha stares at you and mumbles some strange words.
You feel as though you will be slow longer.
You hit Natasha.
Natasha is moderately wounded.
Natasha claws you!
You die...

#.#.# ∆ ..#.# #..?.
#.#.# # #.#.# #.#.#.# .
####.#.#.#.. .....######
.........#.# #..........
####.#..@#.# #...... ...
###.#.#h#.# #....# ##.
.......5..####....####..
........................
###(#.....####.....# #.#
#.####...........### #
##...)...####.#.....# #
....#####..#......##.#∆#
##.# ##.#####..##.# #


You could see Natasha and a shadow imp.

Vanquished Creatures
  Natasha (D:2)
  An adder (D:2)
  3 worms (D:2)
  A dart slug (D:2)
  4 giant cockroaches
  7 goblins
  5 hobgoblins
  7 jackals (D:1)
  A quokka (D:2)
  5 bats
  3 frilled lizards (D:1)
  3 kobolds (D:1)
  9 rats
50 creatures vanquished.

Notes
Turn   | Place    | Note
-------+----------+-------------------------------------------
     0 | D:1      | PikkenKukken the Gnoll Warper began the quest for the Orb.
     0 | D:1      | Reached XP level 1. HP: 20/20 MP: 6/6
   332 | D:1      | Reached XP level 2. HP: 25/26 MP: 7/7
   343 | D:1      | Learned a level 2 spell: Blink
   680 | D:1      | Reached XP level 3. HP: 27/31 MP: 9/9
   713 | D:1      | Learned a level 3 spell: Teleport Other
   716 | D:1      | Learned a level 2 spell: Shroud of Golubria
   757 | D:1      | Reached skill level 5 in Spellcasting
  1184 | D:2      | Reached skill level 1 in Invocations
  1297 | D:2      | Reached skill level 1 in Short Blades
  1297 | D:2      | Reached skill level 1 in Long Blades
  1297 | D:2      | Reached skill level 1 in Axes
  1297 | D:2      | Reached skill level 1 in Maces & Flails
  1297 | D:2      | Reached skill level 1 in Staves
  1297 | D:2      | Reached skill level 1 in Slings
  1297 | D:2      | Reached skill level 1 in Bows
  1297 | D:2      | Reached skill level 1 in Crossbows
  1297 | D:2      | Reached skill level 1 in Stealth
  1297 | D:2      | Reached skill level 1 in Shields
  1297 | D:2      | Reached skill level 1 in Unarmed Combat
  1297 | D:2      | Reached skill level 1 in Evocations
  1548 | D:2      | Reached XP level 4. HP: 35/38 MP: 9/11
  1694 | D:2      | Noticed Natasha
  1704 | D:2      | Killed Natasha
  1710 | D:2      | Noticed Natasha
  1725 | D:2      | Slain by Natasha

Skill      XL: |  1  2  3 |
---------------+----------+-----
Spellcasting   | 5 |  5.1
Invocations    | 1 |  1.2
Short Blades   | 1 |  1.1
Long Blades    | 1 |  1.1
Axes           | 1 |  1.1
Maces & Flails | 1 |  1.1
Staves         | 1 |  1.1
Slings         | 1 |  1.1
Bows           | 1 |  1.1
Crossbows      | 1 |  1.1
Stealth        | 1 |  1.1
Shields        | 1 |  1.1
Unarmed Combat | 1 |  1.1
Evocations     | 1 |  1.1
Fighting       | |  4.6
Polearms       | |  4.6
Throwing       | |  2.7
Armour         | |  2.7
Dodging        | |  4.6
Conjurations   | |  0.9
Hexes          | |  0.9
Charms         | |  0.9
Summonings     | |  0.9
Necromancy     | |  0.9
Translocations | |  5.4
Transmutations | |  0.9
Fire Magic     | |  0.9
Ice Magic      | |  0.9
Air Magic      | |  0.9
Earth Magic    | |  0.9
Poison Magic   | |  0.9

Action                   |  1- 3 |  4- 6 || total
-------------------------+-------+-------++-------
Melee: Spear             |   182 |    10 ||   192
       Bite              |    22 |     7 ||    29
       Punch             |     1 |       ||     1
       Unarmed           |       |    27 ||    27
 Cast: Shroud of Golubri |     5 |     2 ||     7
  Use: Scroll            |     3 |     1 ||     4
  Eat: Chunk             |     2 |     1 ||     3
Armor: Leather armour    |    23 |     2 ||    25
Dodge: Dodged            |    83 |    24 ||   107
